Map: Ruins of Seras

Players

Kaldi

  • Race: Zerg Zerg
  • League: Master

ignite - Winner!

  • Race: Terran Terran
  • League: Master

VOD

Have the link to the VOD?

Description

Time

  • Played on: March 13, 2016, 8:16 a.m.
  • Length: 10:26
Show
View Real Time Build Order
Export as new Build Order

Kaldi Zerg 

Build Orders: Hatch First, Muta Ling Bane 

Get SALT Encoding   

  12  0:00  Drone  
  13  0:16  Overlord  
  13  0:25  Drone  
  14  0:35  Drone x2  
  16  0:38  Drone  
  17  0:55  Hatchery  
  16  0:58  Drone  
  17  1:12  Spawning Pool  
  17  1:14  Drone  
  17  1:20  Drone  
  18  1:32  Overlord  
  18  1:43  Extractor  
  18  1:44  Drone  
  18  1:59  Queen, Zergling x2  
  21  2:07  Drone  
  22  2:08  Queen  
  22  2:10  Drone  
  25  2:15  Drone  
  26  2:23  Zergling x2  
  26  2:29  Zergling x2  
  28  2:33  Drone  
  28  2:47  Metabolic Boost  
  28  2:50  Queen  
  28  2:51  Queen  
  32  2:58  Drone  
  32  2:59  Drone x2  
  32  3:01  Overlord  
  35  3:12  Overlord  
  35  3:21  Drone x7  
  35  3:24  Zergling x2  
  43  3:36  Drone  
  43  3:37  Drone x2  
  46  3:43  Extractor, Drone x3  
  46  3:47  Drone  
  49  3:56  Extractor  
  48  4:04  Drone x2  
  48  4:07  Evolution Chamber  
  48  4:08  Evolution Chamber  
  48  4:19  Hatchery  
  48  4:23  Zergling x10  
  52  4:29  Overlord x2  
  52  4:48  Drone  
  52  4:49  Drone x3  
  52  4:50  Zerg Ground Armor Level 1, Zerg Melee Weapons Level 1  
  56  4:53  Extractor, Drone x2  
  56  4:58  Drone x3  
  60  5:11  Zergling x8  
  64  5:24  Lair  
  64  5:25  Zergling x8  
  64  5:26  Baneling Nest  
  64  5:27  Overlord x2  
  67  5:35  Drone  
  68  5:37  Hatchery  
  68  5:41  Drone x2  
  69  5:43  Drone  
  69  5:48  Drone x2  
  72  5:57  Drone  
  72  5:58  Drone x6  
  79  6:05  Drone  
  79  6:06  Drone x2  
  82  6:13  Baneling x3  
  82  6:14  Baneling x4  
  82  6:15  Baneling x2  
  82  6:21  Overlord x3  
  82  6:23  Centrifical Hooks  
  82  6:25  Spire  
  82  6:27  Drone x5  
  82  6:31  Extractor  
  82  6:32  Extractor  
  84  6:40  Zergling x2  
  84  6:41  Zergling x12  
  90  6:53  Zergling x2  
  90  6:54  Zergling x6  
  94  7:00  Zerg Melee Weapons Level 2, Zerg Ground Armor Level 2  
  94  7:05  Drone x3  
  94  7:06  Drone x3  
  94  7:07  Zergling x12  
  106  7:10  Baneling x3  
  106  7:11  Baneling x3  
  106  7:13  Overseer  
  106  7:25  Overlord x2  
  106  7:26  Overlord x2  
  106  7:40  Mutalisk x3  
  112  7:48  Zergling x2, Drone x2  
  112  7:49  Zergling x14  
  122  7:57  Hatchery  
  121  7:59  Hatchery  
  120  8:07  Baneling x4  
  101  8:24  Zergling x2  
  101  8:25  Zergling x26  
  103  8:28  Baneling x10  
  103  8:32  Mutalisk x5  
  111  8:38  Zergling x2  
  111  8:39  Zergling x6  
  114  8:43  Baneling x3  
  114  8:44  Baneling x2  
  114  8:46  Zergling x8  
  118  8:55  Baneling x4  
  118  8:59  Overseer x2  
  118  9:01  Zergling x6  
  118  9:02  Zergling x10  
  126  9:11  Drone x4  
  126  9:13  Drone x2  
  126  9:14  Drone  
  126  9:15  Mutalisk x3  
  139  9:23  Mutalisk x2  
  141  9:26  Drone x4  
  146  9:38  Overlord x3  
  139  9:47  Mutalisk x3  
  145  9:53  Overlord x4  
  114  10:08  Zergling x30  
  114  10:09  Zergling x8  
Show
View Real Time Build Order
Export as new Build Order

ignite Terran - Winner!

Build Orders: Reaper Expand, Bio Mine 

Get SALT Encoding   

  12  0:00  SCV  
  13  0:13  SCV  
  14  0:18  Supply Depot  
  14  0:25  SCV  
  15  0:39  SCV  
  15  0:40  Barracks  
  16  0:45  Refinery  
  16  0:52  SCV  
  17  1:04  SCV  
  18  1:16  SCV  
  19  1:28  Reaper, Orbital Command  
  20  1:45  Command Center  
  20  1:55  Supply Depot  
  20  1:58  SCV  
  21  2:01  Reaper  
  22  2:10  SCV  
  23  2:22  SCV  
  24  2:33  Command Center  
  24  2:45  SCV  
  24  2:49  Factory  
  24  2:50  Barracks Reactor  
  25  2:58  SCV  
  26  2:59  Orbital Command  
  26  3:10  SCV  
  27  3:22  SCV  
  27  3:25  SCV  
  29  3:34  SCV  
  30  3:42  SCV  
  30  3:45  Orbital Command, Hellion x2, Barracks Tech Lab  
  30  3:48  SCV  
  36  3:49  Refinery  
  36  3:54  SCV  
  37  4:03  SCV  
  37  4:05  Marine  
  37  4:06  SCV, Stimpack, Hellion x2  
  44  4:11  SCV  
  45  4:23  SCV x2  
  45  4:24  SCV  
  48  4:28  Hellion x2  
  52  4:33  Supply Depot, Marine  
  52  4:36  SCV x2  
  52  4:37  SCV  
  56  4:52  Engineering Bay x2  
  56  4:54  Marine  
  56  4:55  SCV x3  
  56  4:57  Barracks x2, Refinery  
  56  4:58  Refinery  
  56  4:59  Factory Reactor  
  60  5:04  Supply Depot  
  60  5:09  SCV x3  
  60  5:13  Orbital Command  
  63  5:16  Marine  
  63  5:19  Terran Infantry Armor Level 1, Terran Infantry Weapons Level 1  
  64  5:21  SCV x2  
  66  5:33  SCV x2  
  66  5:34  Marine  
  73  5:41  Supply Depot x2  
  73  5:42  Supply Depot, SCV, Starport  
  70  5:43  Barracks x2  
  70  5:44  Factory Reactor  
  70  5:46  Bunker  
  70  5:49  SCV x2  
  72  5:54  Marine x3  
  75  5:58  SCV  
  75  6:02  Marine x2  
  75  6:03  SCV x2  
  80  6:05  Supply Depot  
  80  6:09  Supply Depot x2, Missile Turret x2  
  80  6:12  Missile Turret  
  80  6:13  SCV, Marine  
  80  6:14  Combat Shields, Marine x2  
  84  6:22  SCV x2  
  84  6:24  Marine  
  84  6:25  Marine  
  88  6:26  Medivac x2, Factory Reactor  
  88  6:29  SCV  
  88  6:30  Barracks Reactor  
  88  6:31  Barracks Reactor  
  93  6:35  Marine  
  93  6:36  Supply Depot  
  93  6:37  Supply Depot, SCV  
  93  6:38  SCV  
  96  6:43  Marine x2  
  96  6:44  Marine  
  96  6:45  Supply Depot  
  99  6:47  Marine  
  99  6:50  Supply Depot  
  99  6:53  Marine  
  101  6:56  Medivac x2  
  105  7:01  Marine x2  
  105  7:04  SCV x2, Marine  
  105  7:05  Refinery  
  110  7:09  Factory  
  110  7:10  Barracks  
  110  7:11  Barracks  
  110  7:12  Barracks  
  110  7:16  Marine x6  
  110  7:17  Widow Mine x2  
  110  7:21  Marine x2  
  121  7:26  Armory, Medivac x2  
  125  7:39  Marauder, Marine x5  
  125  7:41  Marine x2  
  125  7:42  Marine  
  135  7:52  Widow Mine x2  
  135  7:57  Marine x4  
  143  8:02  Barracks Tech Lab, Marine x3  
  143  8:03  Barracks Tech Lab x2, Marauder  
  143  8:04  Factory Tech Lab  
  148  8:10  Supply Depot  
  148  8:12  Supply Depot  
  148  8:13  Supply Depot  
  148  8:18  Marine  
  148  8:19  Marine x4  
  131  8:20  Marine  
  131  8:23  Marine x2  
  131  8:24  Marauder  
  126  8:27  Widow Mine  
  126  8:28  Drilling Claws, Widow Mine x2  
  126  8:33  Command Center, Marine x3  
  130  8:35  Medivac x2  
  133  8:43  Marine x2  
  133  8:44  Marine  
  133  8:45  Marauder, Marine x5  
  143  8:52  Marine  
  143  8:53  Marine x2  
  146  8:56  Supply Depot  
  146  8:57  Supply Depot  
  146  8:58  SCV x3  
  149  9:10  Marine x9  
  149  9:11  Widow Mine x3  
  149  9:13  Medivac  
  166  9:22  Medivac  
  168  9:25  Marine x3  
  171  9:33  Marauder, Marine x2  
  174  9:39  Marine x2  
  174  9:40  Marine x3  
  174  9:43  Widow Mine x2  
  174  9:44  Marauder  
  184  9:47  Widow Mine  
  184  9:48  Medivac  
  187  9:53  Marine x2  
  187  9:54  Marauder  
  151  10:07  Marine x3  
  151  10:10  Missile Turret  
Tags
 
Add a new tag
Caveats
  • Supply blocks, unpowered buildings, or Contaminate may cause inaccurate times.
  • Supply counts are checked every 10 seconds.